 Dungeon Crawl Stone Soup version 0.16-a0-3389-g45633df (webtiles) character file.

21 BluebellGnoll the Charmwright (level 2, -2/13 HPs)
             Began as a Spriggan Wanderer on Dec 30, 2014.
             Slain by an adder (3 damage)
             ... on level 3 of the Dungeon.
             The game lasted 00:05:51 (2501 turns).

BluebellGnoll the Charmwright (Spriggan Wanderer)   Turns: 2501, Time: 00:05:52

Health: -2/13      AC:  2    Str: 11    XL:     2   Next: 62%
Magic:  4/7        EV: 15    Int: 15    God:
Gold:   233        SH:  0    Dex: 15    Spells: 2 memorised, 3 levels left

rFire  . . .     SeeInvis +     q - +0 short sword
rCold  . . .     Clarity  .     d - +0 robe
rNeg   . . .     SustAb   .     (shield restricted)
rPois  .         Gourm    .     (helmet restricted)
rElec  .         Spirit   .     (no cloak)
rCorr  .         Warding  .     (gloves unavailable)
rMut   .         Stasis   .     (boots unavailable)
MR     .....                    (no amulet)
Stlth  +++.......               (no ring)
                                (no ring)

@: mighty, lethally poisoned, infused (expiring), repel missiles, very quick,
not resistant to hostile enchantments, fairly stealthy
A: unfitting armour, see invisible, herbivore 3, speed 3, slow metabolism 2
a: no special abilities


You were on level 3 of the Dungeon.
You were not hungry.

You visited 1 branch of the dungeon, and saw 3 of its levels.

You collected 233 gold pieces.

Inventory:

Hand weapons
 q - a +0 short sword (weapon)
Missiles
 e - 24 stones
 g - 44 arrows
 h - 2 tomahawks (quivered)
 l - 4 needles of slowing
 p - 8 needles of confusion
 r - 15 poisoned needles
Armour
 d - a +0 robe (worn)
Scrolls
 i - 5 scrolls of identify {unknown}
 m - 2 scrolls of enchant weapon {unknown}
 n - a scroll of teleportation {unknown}
 s - a scroll of enchant armour {unknown}
 t - 3 scrolls of remove curse {unknown}
 u - a scroll of fog {unknown}
Potions
 j - a potion of flight {unknown}
 k - a potion of invisibility {unknown}
 o - a potion of curing {unknown}
Books
 a - a book of Battle

   Spells                             Type                      Level
   a - Infusion                       Charms                       1
   b - Shroud of Golubria             Charms/Translocation         2
   c - Song of Slaying                Charms                       2
   d - Spectral Weapon                Hexes/Charms                 3
   e - Regeneration                   Charms/Necromancy            3
 b - Owkudir's Incunabulum of Orientation

   Spells                             Type                      Level
   a - Apportation                    Translocation                1
   b - Recall                         Summoning/Translocation      3
 c - the Grimoire of Boosts

   Spells                             Type                      Level
   a - Repel Missiles                 Charms/Air                   2
   b - Sure Blade                     Hexes/Charms                 2
Comestibles
 f - 2 bread rations


   Skills:
 - Level 1.2 Short Blades
 + Level 3.6 Stealth
 - Level 2.6 Spellcasting
   Level 3.6 Hexes
 - Level 4.4 Charms
   Level 1.3 Evocations


You had 3 spell levels left.
You knew the following spells:

 Your Spells              Type           Power        Failure   Level  Hunger
a - Infusion              Chrm           ###...       3%          1    #......
b - Repel Missiles        Chrm/Air       #.....       14%         2    ##.....


Dungeon Overview and Level Annotations

Branches:
Dungeon (3/15)

Altars:


Innate Abilities, Weirdness & Mutations

You are tiny and cannot use many weapons and most armour.
You have supernaturally acute eyesight.
You are a herbivore.
You cover ground extremely quickly.
You need consume almost no food.


Message History

The adder is severely wounded.
The adder misses you.
You barely miss the adder.
The adder is severely wounded.
The adder completely misses you. The adder bites you.
You are lethally poisoned!
The adder poisons you!
You barely miss the adder.
The adder is severely wounded.
Your magical infusion is running out.
You feel sick. The adder bites you.
* * * LOW HITPOINT WARNING * * *
You are more poisoned.
The adder poisons you!
Drink which item? (? for menu, Esc to quit)
It was a potion of might.
You feel very mighty all of a sudden.
* * * LOW HITPOINT WARNING * * *
You feel sick. The adder bites you.
You die...

.........########.#
.........# #.#
.........# #.#
.........# ###'##
.........# #....#
.........# #....#
.........# #....#
.........# #....####
.........#######@.....#
................S.....#
......)..######.......#
..............#.#'#####
.........####.#.#.#
.........####.#.#.#
............#.#.#..
...%.....##.#.#.#...
.........##.#.#.#....


You could see an adder.

Vanquished Creatures
  2 giant cockroaches
  3 hobgoblins
  2 quokkas (D:3)
  4 bats
  4 goblins
  4 rats
19 creatures vanquished.

Notes
Turn   | Place    | Note
--------------------------------------------------------------
     0 | D:1      | BluebellGnoll, the Spriggan Wanderer, began the quest for the Orb.
     0 | D:1      | BluebellGnoll set off with: a book of Battle, Owkudir's Incunabulum of Orientation, the Grimoire of Boosts, a +0 robe, a +0 dagger, a bread ration
     0 | D:1      | Reached XP level 1. HP: 9/9 MP: 4/4
     0 | D:1      | Identified Owkudir's Incunabulum of Orientation
     0 | D:1      | Identified the Grimoire of Boosts
     2 | D:1      | Learned a level 1 spell: Infusion
   999 | D:2      | Reached skill level 1 in Short Blades
  1080 | D:2      | Reached XP level 2. HP: 7/13 MP: 7/7
  1185 | D:2      | Learned a level 2 spell: Repel Missiles
  2325 | D:3      | Noticed an ogre
  2501 | D:3      | Slain by an adder

Action                   || total
-------------------------++-------
Melee: Dagger            ||    13
       Short sword       ||    55
 Cast: Infusion          ||     6
       Repel Missiles    ||     1
  Use: Potion            ||     1
 Stab: Sleeping          ||     4
  Eat: Pizza             ||     1
